 Dungeon Crawl Stone Soup version 0.29-a0-234-g0dae59b3db (webtiles) character file.

Game seed: 4406164320317126796

319 pascalblue the Firebug (level 6, -1/32 HPs)
             Began as a Deep Elf Fire Elementalist on Mar 3, 2022.
             Was an Initiate of Vehumet.
             Slain by a gnoll
             ... wielding a +0 spear
              (5 damage)
             ... on level 4 of the Dungeon.
             The game lasted 00:11:53 (4133 turns).

pascalblue the Firebug (Deep Elf Fire Elementalist) Turns: 4133, Time: 00:11:53

Health: -1/32      AC:  4    Str:  5    XL:     6   Next: 21%
Magic:  1/15       EV: 12    Int: 22    God:    Vehumet [......]
Gold:   189        SH:  0    Dex: 15    Spells: 5/15 levels left

rFire   + . .      SeeInvis .   d - +0 short sword
rCold   x . .      Faith    .   (no shield)
rNeg    . . .      Spirit   .   a - +0 robe
rPois   .          Reflect  .   r - +0 helmet
rElec   .          Harm     .   p - +0 cloak
rCorr   .          Rampage  .   (no gloves)
Will    .....                   (no boots)
Stlth   ++........              (no amulet)
HPRegen 0.10/turn               o - ring of fire
MPRegen 0.14/turn               t - ring of wizardry

@: no status effects
A: no striking features
a: Renounce Religion


You were on level 4 of the Dungeon.
You worshipped Vehumet.
Vehumet was noncommittal.
You visited 2 branches of the dungeon, and saw 5 of its levels.

You collected 189 gold pieces.

Inventory:

Hand Weapons
 d - a +0 short sword (weapon)
Armour
 a - a +0 robe (worn)
 l - the +0 buckler of Meimycsu {rC+ Will+++ Str+3 Slay+2}
   (You found it on level 2 of the Dungeon)

   Str:       It affects your strength (+3).
   Slay:      It affects your accuracy & damage with ranged weapons and melee
   (+2).
   rC:        It protects you from cold.
   Will:      It greatly increases your willpower.
 p - a +0 cloak (worn)
 r - a +0 helmet (worn)
Jewellery
 f - a ring of fire
 o - a ring of fire (left hand)
 t - a ring of wizardry (right hand)
Wands
 n - a wand of acid (7)
Scrolls
 b - 5 scrolls of identify {unknown}
 c - a scroll of enchant weapon {unknown}
 e - a scroll of enchant armour {unknown}
 q - a scroll of vulnerability {unknown}
 s - a scroll of teleportation {unknown}
Potions
 g - a potion of haste {unknown}
 h - a potion of curing {unknown}
 i - a potion of brilliance {unknown}
 j - a potion of flight {unknown}
 k - a potion of magic {unknown}
 m - a potion of ambrosia {unknown}


   Skills:
 - Level 2.4 Dodging
 - Level 2.4 Stealth
 + Level 5.0 Spellcasting
 * Level 3.5 Conjurations
 * Level 5.9 Fire Magic


You had 5 spell levels left.
You knew the following spells:

 Your Spells              Type           Power      Damage    Failure   Level
a - Foxfire               Conj/Fire      100%       2x1d9     1%          1
b - Conjure Flame         Conj/Fire      39%        6-21      1%          3
c - Scorch                Fire           94%        2d9       1%          2
d - Flame Wave            Conj/Fire      39%        2d9       6%          4

Your spell library contained the following spells:

 Spells                   Type           Power      Damage    Failure   Level
 Inner Flame              Hex/Fire       27%        N/A       3%          3


Dungeon Overview and Level Annotations

Branches:
Dungeon (4/15)             Temple (1/1) D:4

Altars:
Ashenzari
Ru
Vehumet


Message History

The flame wave engulfs the gnoll.
The gnoll is moderately wounded.
The flame wave engulfs the gnoll!
You kill the gnoll!
Vehumet accepts your kill. (Press . to intensify the flame waves.)
The gnoll sergeant barely misses you. The gnoll closely misses you.
The gnoll completely misses you. The gnoll hits you with a +0 halberd!
Casting: Flame Wave (quite dangerous; 6% risk of failure)
Confirm with . or Enter, or press ? or * to list all spells.
The spell is quite dangerous to miscast (6% risk of failure)!
Continue anyway?
Uppercase [Y]es or [N]o only, please.
The spell is quite dangerous to miscast (6% risk of failure)!
Continue anyway?
Restarting spell: Flame Wave (quite dangerous; 6% risk of failure)
Press: ? - help, Dir - look around, f - activate You feel a surge of power!
A wave of flame ripples out!
The flame wave engulfs the gnoll sergeant!
The gnoll sergeant is severely wounded.
The flame wave engulfs the gnoll!
You kill the gnoll!
Vehumet accepts your kill. (Press . to intensify the flame waves.)
The gnoll sergeant hits you but does no damage.
The gnoll completely misses you. The gnoll closely misses you.
Your Spellcasting skill increases to level 5!
Casting: Flame Wave (quite dangerous; 6% risk of failure)
Confirm with . or Enter, or press ? or * to list all spells.
You feel a surge of power!
You conjure some foxfire!
The gnoll sergeant barely misses you.
The gnoll hits you from afar with a +0 spear.
The gnoll misses you.
Casting: Foxfire (safe; 1% risk of failure)
Confirm with . or Enter, or press ? or * to list all spells.
You feel a surge of power!
Flames lash the gnoll.
The gnoll is severely wounded.
The gnoll's fire resistance burns away.
The gnoll sergeant barely misses you.
The gnoll hits you from afar with a +0 spear.
* * * LOW HITPOINT WARNING * * *
The gnoll hits you from afar with a +0 spear.
You die...

#.# #.# #.# #.#
#.# #.# #.# #.#
#.# #.# #.#
###.#
#≈≈≈≈≈≈≈≈≈#.#
...≈##≈≈≈##≈#.#
## ######§#.#
#.gg#v≈#.#
#!g)@v§..#
#:.)#§§..#
######≈#.#
#≈#.# ≈≈#.#
####.# #.# ..#


You could see a gnoll sergeant (ally target) and 2 gnolls.

Vanquished Creatures
  Grinder (D:3)
  3 gnolls
  2 adders
  2 worms (D:3)
  4 orcs
  7 ball pythons
  6 bats
  7 endoplasms
  4 giant cockroaches
  5 goblins
  4 hobgoblins
  6 quokkas
  11 frilled lizards
  8 kobolds
  7 rats
77 creatures vanquished.

Vanquished Creatures (others)
  178 foxfires
178 creatures vanquished.

Grand Total: 255 creatures vanquished

Notes
Turn   | Place    | Note
-------+----------+-------------------------------------------
     0 | D:1      | pascalblue the Deep Elf Fire Elementalist began the quest
                  | for the Orb.
     0 | D:1      | Reached XP level 1. HP: 10/10 MP: 6/6
   370 | D:1      | Reached XP level 2. HP: 15/15 MP: 6/8
  1518 | D:1      | Reached XP level 3. HP: 16/19 MP: 8/10
  1674 | D:2      | Found a faded altar of an unknown god.
  1938 | D:2      | Identified the +0 buckler of Meimycsu {rC+ Will+++ Str+3
                  | Slay+2}
  2640 | D:3      | Noticed Grinder
  2646 | D:3      | Learned a level 3 spell: Conjure Flame
  2649 | D:3      | Learned a level 2 spell: Scorch
  2933 | D:3      | Reached XP level 4. HP: 24/24 MP: 6/11
  3379 | D:3      | Killed Grinder
  3380 | D:3      | Reached skill level 5 in Fire Magic
  3380 | D:3      | Reached XP level 5. HP: 28/28 MP: 5/14
  3380 | D:3      | Reached XP level 6. HP: 32/32 MP: 5/15
  3385 | D:3      | Learned a level 4 spell: Flame Wave
  3941 | D:4      | Found a staircase to the Ecumenical Temple.
  3947 | Temple   | Entered the Ecumenical Temple
  3967 | Temple   | Became a worshipper of Vehumet
  4132 | D:4      | Reached skill level 5 in Spellcasting
  4133 | D:4      | Slain by a gnoll

Illustrated notes

Levels and vault maps discovered:
D:1:      dpeg_arrival_arbitrary_a, layout_loops_corners, dk_noncrumbling_2,
          roderic_serpentine_path, chequers_serial_rivers_small_b
D:2:      layout_basic, ebering_ecumenical_altar_rust, serial_park_tiny_1,
          minmay_lizard_pond
D:3:      layout_basic, grunt_ministairs_7, hangedman_feature_mirror,
          uniq_grinder
D:4:      layout_loops_ring, mainiacjoe_overflow_six_doors_small,
          minmay_temple_entry_fiery, lightli_minifort
Temple:   mainiacjoe_temple_archimedes_tessellation

Skill      XL: |  1  2  3  4  5  6 |
---------------+-------------------+-----
Fire Magic     | 4 5 |  5.9
Conjurations   | 2 3 |  3.5
Spellcasting   | 4 5 |  5.0
Dodging        | |  2.4
Stealth        | |  2.4

Action                   |  1- 3 |  4- 6 || total
-------------------------+-------+-------++-------
Melee: Short sword       |    11 |     2 ||    13
 Cast: Foxfire           |    85 |    36 ||   121
       Flame Wave        |       |     2 ||     2
       Conjure Flame     |       |     1 ||     1
       Scorch            |       |     1 ||     1
 Stab: Sleeping          |     1 |       ||     1
Armor: Robe              |    15 |     4 ||    19
Dodge: Dodged            |    43 |    24 ||    67
Block: Buckler           |     4 |       ||     4

Table legend: (Time is in decaauts)
 A = Elapsed time spent in this place.
 B = Non-inter-level travel time spent in this place.
 C = Inter-level travel time spent in this place.
 D = Time resting spent in this place.
 E = Time spent auto-exploring this place.
 F = Levels seen in this place.
 G = Mean time per level.
                   A        B        C        D        E       F      G
               +--------+--------+--------+--------+--------+-----+--------+
         Total |   4134 |   4063 |     71 |      0 |   3284 |   5 |  826.8 |
       Dungeon |   4093 |   4042 |     51 |      0 |   3272 |   4 | 1023.2 |
        Temple |     40 |     20 |     20 |      0 |     12 |   1 |   40.0 |
               +--------+--------+--------+--------+--------+-----+--------+

Top non-repeatable levels by time:
     D:1: 1676 daAuts
     D:3: 1469 daAuts
     D:2: 652 daAuts
     D:4: 295 daAuts
  Temple: 40 daAuts
